 Dungeon Crawl Stone Soup version 0.31.0-11-ge490571c62 (webtiles) character file.

Game seed: 9415495486578281768

13846 Aviak the Fey Merfolk (level 12, -1/142 HPs)
             Began as a Merfolk Conjurer on Feb 1, 2024.
             Was an Initiate of Yredelemnul.
             Slain by a hornet (12 damage)
             ... on level 11 of the Dungeon.
             The game lasted 00:24:42 (12918 turns).

Aviak the Fey Merfolk (Merfolk Conjurer)           Turns: 12918, Time: 00:24:43

Health: -1/142     AC: 26    Str:  8    XL:     12   Next: 10%
Magic:  10/21      EV:  2    Int: 21    God:    Yredelemnul [......]
Gold:   1085       SH:  0    Dex: 15    Spells: 12/15 levels left

rFire   . . .        N - +1 long sword (vamp) {!w}
rCold   . . .        (no shield)
rNeg    . . .        F - melded +3 leather armour of the Black Skies {Dex+3}
rPois   +            L - melded +0 helmet
rElec   .            M - melded +2 cloak
rCorr   .            j - melded +0 pair of gloves of Absence {rPois Str+4}
SInv    .            J - melded +0 pair of boots
Will    +....        f - amulet of the acrobat
Stlth   ++           q - ring of flight
HPRegen 0.43/turn    z - ring of willpower
MPRegen 0.17/turn

%: acrobat
@: tree-form
A: stationary, stasis, torment immunity, boosted hp, (nimble swimmer 2),
(mertail), (iridescent scales 1), clever 1
a: Renounce Religion, Recall Undead Harvest


You were on level 11 of the Dungeon.
You worshipped Yredelemnul.
Yredelemnul was pleased with you.
You were a tree.
You visited 2 branches of the dungeon, and saw 14 of its levels.
You also visited: Ossuary.

You collected 1316 gold pieces.
You spent 231 gold pieces at shops.

Inventory:

Hand Weapons
 g - a +1 dagger of speed
 n - a +1 dagger of holy wrath
 s - a +1 short sword of draining
 D - a +3 scimitar
 N - a +1 vampiric long sword (weapon) {!w}
Armour
 j - the +0 pair of gloves of Absence (melded) {rPois Str+4}
   (You found it on level 10 of the Dungeon)

   Str+4:     It affects your strength (+4).
   rPois:     It protects you from poison
 o - a +3 leather armour of fire resistance
 F - the +3 leather armour of the Black Skies (melded) {Dex+3}
   (You found it on level 6 of the Dungeon)

   Dex+3:     It affects your dexterity (+3).
 J - a +0 pair of boots (melded)
 L - a +0 helmet (melded)
 M - a +2 cloak (melded)
Jewellery
 f - an amulet of the acrobat (around neck)
 q - a ring of flight (left branch)
 z - a ring of willpower (right branch)
Wands
 u - a wand of charming (17)
 C - a wand of quicksilver (3)
 P - a wand of polymorph (2)
Scrolls
 a - 5 scrolls of poison {unknown}
 d - 3 scrolls of fog
 i - 5 scrolls of identify
 k - 5 scrolls of enchant armour
 r - 3 scrolls of immolation {unknown}
 t - 7 scrolls of teleportation
 x - 3 scrolls of blinking
 y - 3 scrolls of vulnerability {unknown}
 A - 2 scrolls of fear
 B - 2 scrolls of enchant weapon {unknown}
 E - 6 scrolls of silence {unknown}
 K - a scroll of noise {unknown}
 O - a scroll of amnesia {unknown}
 Q - 2 scrolls of torment {unknown}
Potions
 b - 2 potions of magic
 c - 4 potions of curing
 e - 6 potions of degeneration {!q!q}
 l - 2 potions of lignification {!q}
 m - 2 potions of mutation {!q}
 p - 2 potions of ambrosia
 v - 2 potions of cancellation {unknown}
 w - a potion of invisibility {unknown}
 G - a potion of might {unknown}
 H - 6 potions of brilliance {unknown}
 I - a potion of haste {unknown}


   Skills:
 - Level 9.0 Fighting
 + Level 9.4 Long Blades
 - Level 11.0 Dodging
 - Level 2.1 Stealth
 - Level 2.0 Spellcasting
 - Level 4.0 Conjurations
 + Level 12.4 Invocations
 - Level 6.0 Evocations


You had 12 spell levels left.
You knew the following spells:

 Your Spells              Type           Power      Damage    Failure   Level
a - Magic Dart            Conj           72%        1d6       2%          1
b - Searing Ray           Conj           36%        2d5       4%          2

Your spell library contained the following spells:

 Spells                   Type           Power      Damage    Failure   Level
 Sandblast                Erth           4%         2d4       14%         1
 Stone Arrow              Conj/Erth      20%        3d8       19%         3
 Blink                    Tloc           4%         N/A       22%         2
 Call Imp                 Summ           4%         N/A       22%         2
 Inner Flame              Hex/Fire       2%         N/A       41%         3
 Passwall                 Erth           2%         N/A       41%         3
 Brom's Barrelling Bould  Conj/Erth      10%        2d3       54%         4
 Flame Wave               Conj/Fire      10%        2d6       54%         4
 Fulminant Prism          Conj/Alch      5%         3d6       54%         4
 Iskenderun's Mystic Bla  Conj/Tloc      10%        2d4       54%         4
 Sticky Flame             Fire/Alch      2%         2d4       82%         4


Dungeon Overview and Level Annotations

Branches:
Dungeon (13/15)            Temple (1/1) D:4            Lair (0/5) D:11
 Vaults (0/5) D:13        Ossuary (visited)
    Orc: D:9-12

Altars:
Ashenzari
Cheibriados
Dithmenos
Elyvilon
Fedhas
Gozag
Hepliaklqana
Kikubaaqudgha
Makhleb
Nemelex Xobeh
Okawaru
Qazlal
Ru
Sif Muna
Trog
Uskayaw
Vehumet
Wu Jian
Xom
Yredelemnul
Zin
The Shining One

Shops:
D:5 :   D:6 *   D:7 [


Innate Abilities, Weirdness & Mutations

You are a tree.
Your roots penetrate the ground, keeping you stationary.
You cannot be teleported.
You are immune to unholy pain and torment.
Your maximum health is greatly increased.
Your equipment is partially melded.
((You are very nimble when in or above water. (Stealth+, EV+, Speed+++)))
((Your lower body shifts to a powerful aquatic tail in water.))
((You are partially covered in iridescent scales. (AC +2)))
Your mind is acute. (Int +4, Str/Dex -1)


Message History

The cyan ugly thing is almost dead.
The iron imp disappears in a puff of smoke!
The cyan ugly thing punches you but does no damage.
You hit the cyan ugly thing.
You kill the cyan ugly thing!
You slash the wraith!
You destroy the wraith!
You slash the hornet!
You feel better.
The hornet is moderately wounded.
The hornet stings you.
* * * LOW HITPOINT WARNING * * *
You feel yourself slow down.
You feel better.
The hornet stings you but does no damage. x2
You slash the hornet!
The hornet is heavily wounded.
You feel yourself speed up.
The ufetubus disappears in a puff of smoke!
The hornet stings you.
* * * LOW HITPOINT WARNING * * *
You feel yourself slow down.
The hornet stings you but does no damage.
You slash the hornet!
You feel better.
The hornet is almost dead.
The hornet stings you!
* * * LOW HITPOINT WARNING * * *
You are lethally poisoned!
The hornet stings you but does no damage.
The kobold demonologist gestures wildly while chanting.
You miss the hornet.
The hornet is severely wounded.
You feel yourself speed up.
* * * LOW HITPOINT WARNING * * *
You feel very sick.
The hornet stings you but does no damage. x2
You feel better.
The hornet stings you but does no damage.
The hornet stings you!
You die...
Your body rises from the dead as a mindless zombie.

.... ..........>.# .#.#
............# # ## #
####+#####......
#.#.##.#.#.#.##.......
.4##.#.#.#.#.#.......
#..#Z#.#Z#Z#.#.......
#.###.#Z#Z#.##.......
##.#
#.##KTy#.#.#Z#.#+..#####
.^.# #...##♣#.#.#.#.#..#
...# #.{yT#.#.#.#.#.#..#
...#
......###.#.#.#.##..#
...# #.#.#.#.
#.#.#.#.##..# ...# #
#'## # ####'#####..#
...# . #.....Z.##..#
...# . #..#####..#..#
#### #.##...##.#..# #
#.[...#.#ZZ#


You could see a kobold demonologist, a troll and a hornet.

Vanquished Creatures
  A centaur warrior (D:13)
  A two-headed ogre (D:11)
  An occultist (D:11)
  A swamp dragon (D:11)
  An arcanist (D:11)
  2 manticores
  2 ugly things
  A gargoyle (D:11)
  2 unseen horrors
  Prince Ribbit (D:9)
  3 trolls
  Grinder (D:3)
  A hornet (D:9)
  2 shadows
  Sigmund (D:4)
  6 yaks
  A wraith (D:11)
  Menkaure (D:4)
  3 vampire mosquitoes
  An acid dragon (D:10)
  A water moccasin (D:9)
  An ice beast (D:5)
  2 ogres
  4 orc warriors
  2 sky beasts
  A centaur (D:8)
  3 phantoms (D:5)
  2 kobold brigands
  2 bullfrogs
  A scorpion (D:6)
  5 wights (D:6)
  10 killer bees
  4 howler monkeys
  2 bombardier beetles
  5 orc priests
  Ijyb (D:4)
  A hound (D:5)
  A jelly (D:6)
  2 gnoll boudas
  2 iguanas (D:6)
  8 orc wizards
  8 mummies (Ossuary)
  10 gnolls
  13 adders
  A shadow imp (D:5)
  A white imp (D:5)
  2 ufetubi (D:6)
  6 ribbon worms
  33 orcs
  6 ball pythons
  7 bats
  2 endoplasms
  5 giant cockroaches
  8 goblins
  7 hobgoblins
  2 jackals (D:3)
  4 quokkas
  11 frilled lizards
  5 hobgoblin zombies (Ossuary)
  18 kobolds
  3 orc zombies (Ossuary)
  7 rats
252 creatures vanquished.

Vanquished Creatures (collateral kills)
  An ironbound preserver (D:13)
  A boulder beetle (D:13)
  A troll (D:13)
  A shadow (D:8)
  2 yaks
  A vampire mosquito (D:10)
  An acid dragon (D:10)
  An ice beast (D:7)
  2 killer bees (D:8)
  A howler monkey (D:7)
  An orc priest (D:8)
  A gnoll bouda (D:7)
  2 iguanas (D:6)
  4 gnolls
  A white imp (D:7)
  7 orcs
  A kobold (D:9)
29 creatures vanquished.

Vanquished Creatures (others)
  An unseen horror zombie (D:11)
  2 human zombies
  A swamp dragon zombie (D:11)
  A troll zombie (D:13)
  A centaur zombie (D:8)
  An orc wizard (D:5)
  3 killer bee zombies (D:8)
  2 howler monkey zombies
  An adder zombie (D:5)
  18 orc zombies
  A spectral white imp (D:5)
  3 gnoll zombies (D:7)
  4 kobold zombies
  A spectral ufetubus (D:6)
40 creatures vanquished.

Grand Total: 321 creatures vanquished

Notes
Turn   | Place    | Note
-------+----------+-------------------------------------------
     0 | D:1      | Aviak the Merfolk Conjurer began the quest for the Orb.
     0 | D:1      | Reached XP level 1. HP: 13/13 MP: 3/3
   267 | D:1      | Found a faded altar of an unknown god.
   298 | D:1      | Reached XP level 2. HP: 20/20 MP: 5/5
   367 | D:1      | Learned a level 2 spell: Searing Ray
   394 | D:1      | Reached skill level 1 in Fighting
   575 | D:1      | Reached XP level 3. HP: 26/26 MP: 6/6
  1635 | D:2      | Reached XP level 4. HP: 14/33 MP: 1/7
  2407 | D:3      | Reached XP level 5. HP: 36/40 MP: 2/8
  3214 | D:3      | Noticed Grinder
  3223 | D:3      | Paralysed by Grinder for 5 turns
  3238 | D:3      | Killed Grinder
  3239 | D:3      | Reached XP level 6. HP: 38/49 MP: 2/9
  3415 | D:4      | Found a staircase to the Ecumenical Temple.
  3425 | Temple   | Entered the Ecumenical Temple
  3492 | D:4      | Found a hide-covered altar of Uskayaw.
  3548 | D:4      | Noticed Menkaure
  3560 | D:4      | Killed Menkaure
  3561 | D:4      | Reached skill level 5 in Fighting
  3561 | D:4      | Reached XP level 7. HP: 10/56 MP: 10/10
  4080 | D:4      | Noticed Sigmund
  4100 | D:4      | Killed Sigmund
  4101 | D:4      | Reached XP level 8. HP: 59/64 MP: 3/11
  4342 | D:4      | Noticed Ijyb
  4359 | D:4      | Killed Ijyb
  4810 | D:5      | Entered Level 5 of the Dungeon
  4945 | D:5      | Found Socuosm's Book Boutique.
  4971 | D:5      | Found a glowing silver altar of Zin.
  4972 | D:5      | Found a basalt altar of Yredelemnul.
  5039 | D:5      | Became a worshipper of Yredelemnul the Dark
  5264 | D:5      | Found a shadowy altar of Dithmenos.
  5265 | D:5      | Found a sacrificial altar of Ru.
  5345 | D:5      | Reached * piety under Yredelemnul
  5479 | D:5      | Gained mutation: Your mind is acute. (Int +4, Str/Dex -1)
                  | [potion of mutation]
  5479 | D:5      | Gained mutation: You are partially covered in iridescent
                  | scales. (AC +2) [potion of mutation]
  5762 | D:5      | Reached skill level 10 in Dodging
  6091 | D:6      | Reached XP level 9. HP: 74/74 MP: 12/12
  6199 | D:6      | Found Neot's General Store.
  6216 | D:6      | Bought a scroll of fear for 44 gold pieces
  6216 | D:6      | Bought a scroll of identify for 22 gold pieces
  6216 | D:6      | Bought 2 scrolls of enchant armour for 165 gold pieces
  6243 | D:6      | Identified the +3 leather armour of the Black Skies {Dex+3}
  6512 | D:6      | Found a shimmering altar of Xom.
  6706 | D:6      | Found a blossoming altar of Fedhas.
  6875 | D:7      | Reached skill level 1 in Invocations
  6890 | D:7      | Reached skill level 1 in Evocations
  6892 | D:7      | Reached ** piety under Yredelemnul
  6894 | D:7      | Reached skill level 2 in Invocations
  7046 | D:7      | Found Melesta's Antique Armour Boutique.
  7085 | D:7      | Found an opulent altar of Gozag.
  7121 | D:7      | Reached skill level 3 in Invocations
  7138 | D:7      | Identified the +3 whip "Evalib" {flame, rN+ Str+3 Dex+5}
  7233 | D:7      | Found a sand-covered staircase.
  7242 | Ossuary  | Entered an ossuary
  7590 | D:7      | Reached skill level 4 in Invocations
  8596 | D:8      | Reached skill level 5 in Invocations
  8733 | D:8      | Reached XP level 10. HP: 78/83 MP: 14/14
  8790 | D:8      | Reached skill level 6 in Invocations
  9285 | D:9      | Reached skill level 7 in Invocations
  9386 | D:9      | Noticed Prince Ribbit
  9420 | D:9      | Killed Prince Ribbit
  9637 | D:9      | Found a white marble altar of Elyvilon.
  9957 | D:9      | Found a hazy altar of Hepliaklqana.
 10021 | D:9      | Reached skill level 5 in Evocations
 10032 | D:9      | Reached *** piety under Yredelemnul
 10033 | D:9      | Reached skill level 8 in Invocations
 10282 | D:10     | Entered Level 10 of the Dungeon
 10430 | D:10     | Identified the +0 pair of gloves of Absence {rPois Str+4}
 10568 | D:10     | Noticed a manticore
 10576 | D:10     | Killed a manticore
 10577 | D:10     | Reached skill level 1 in Long Blades
 10676 | D:10     | You are sucked into a shaft and drop 3 floors!
 10682 | D:13     | Noticed a boulder beetle
 10705 | D:13     | Found a gate to the Vaults.
 10705 | D:13     | Noticed an ironbound preserver
 10706 | D:13     | Noticed a cyan ugly thing
 10727 | D:13     | Reached skill level 9 in Invocations
 10730 | D:13     | Killed an ironbound preserver
 10731 | D:13     | Reached XP level 11. HP: 66/89 MP: 16/18
 10744 | D:13     | Killed a boulder beetle
 10752 | D:13     | Killed a cyan ugly thing
 10752 | D:13     | Reached **** piety under Yredelemnul
 10753 | D:13     | Reached skill level 10 in Invocations
 10826 | D:13     | Noticed a centaur warrior
 10838 | D:13     | Killed a centaur warrior
 10839 | D:13     | Reached skill level 5 in Long Blades
 11795 | D:10     | Found a radiant altar of Vehumet.
 12012 | D:10     | Reached skill level 11 in Invocations
 12378 | D:11     | Found a staircase to the Lair.
 12422 | D:11     | Noticed an arcanist
 12430 | D:11     | Killed an arcanist
 12627 | D:11     | Noticed a manticore
 12637 | D:11     | Noticed a two-headed ogre
 12644 | D:11     | Killed a manticore
 12649 | D:11     | Killed a two-headed ogre
 12772 | D:11     | Noticed a swamp dragon
 12787 | D:11     | Killed a swamp dragon
 12788 | D:11     | Reached skill level 12 in Invocations
 12869 | D:11     | Noticed an occultist
 12869 | D:11     | Noticed a cyan ugly thing
 12908 | D:11     | Killed an occultist
 12909 | D:11     | Reached XP level 12. HP: 8/95 MP: 8/21
 12913 | D:11     | HP: 6/142 [hornet (5)]
 12918 | D:11     | Slain by a hornet

Illustrated notes

Levels and vault maps discovered:
D:1:      eino_arrival_cavern_b, layout_basic, shapermc_ecumenical_altar_ellora
D:2:      layout_basic, kennysheep_generic_room_15
D:3:      minmay_door_path, layout_basic, amethyst_killhole,
          minmay_starry_boxes, uniq_grinder
D:4:      layout_basic, mainiacjoe_overflow_small_starburst,
          minmay_temple_entry_waves, uniq_ijyb, uniq_menkaure, uniq_sigmund
D:5:      layout_gridville, overflow_temple_1_default, lemuel_doored_altar,
          minitemple, serial_shops, shop, st_stairs_1
D:6:      layout_basic, mainiacjoe_overflow_surrounded_room,
          mainiacjoe_overflow_tiny_flanked, serial_shops, nicolae_stop_n_shop_1,
          minivault_27, minmay_lizard_king
D:7:      layout_layer_cave, grunt_gozag_statues, serial_shops, shop,
          lightli_ossuary_entry_decrepit_ruins, minmay_liquid_box
D:8:      layout_layer_cave, hangedman_abyss_or_decor_stagger
D:9:      layout_loops_ring, elyvilon_altar_5, kennysheep_little_box,
          kennysheep_cross_room, uniq_prince_ribbit1
D:10:     layout_basic, lemuel_crystal_altar, serial_corexii_hall,
          chequers_hall_statues_corner_a, corexii_hall_statues_i,
          corexii_hall_statues_t, minmay_unpleasant_kobolds
D:11:     minmay_the_grid_4x2 [minmay_the_grid_stretched_grid,
          minmay_the_grid_dragon_b, minmay_the_grid_square_x,
          minmay_the_grid_tiny_cups, minmay_the_grid_minigrid_medium,
          minmay_the_grid_holed_spiral, minmay_the_grid_paths,
          minmay_the_grid_prize_diamond_cup], layout_basic, lair_entry_dummy,
          nicolae_titane
D:12:     layout_basic, hiddenorc1_lemuel
D:13:     minmay_wavy_crystal, layout_small_grid,
          skrybe_vaults_entry_preservation
Temple:   nicolae_temple_bog_church

Skill      XL: |  1  2  3  4  5  6  7  8  9 10 11 |
---------------+----------------------------------+-----
Dodging        | 3 4 6 8 10 11 | 11.0
Fighting       | 1 2 4 5 6 8 9 |  9.0
Conjurations   | 4 |  4.0
Invocations    | 5 9 12 | 12.4
Evocations     | 3 6 |  6.0
Long Blades    | 3 9 |  9.4
Stealth        | |  2.1
Spellcasting   | |  2.0

Action                     |  1- 3 |  4- 6 |  7- 9 | 10-12 || total
---------------------------+-------+-------+-------+-------++-------
  Melee: Dagger            |    41 |    59 |    23 |       ||   123
         Short sword       |       |    34 |   485 |   145 ||   664
         Punch             |       |       |     4 |     8 ||    12
         Long sword        |       |       |       |   195 ||   195
   Cast: Magic Dart        |    55 |    30 |     5 |       ||    90
         Searing Ray       |     2 |     5 |    18 |    28 ||    53
 Invoke: Dark Bargain      |       |       |       |     1 ||     1
  Evoke: Wand              |       |       |     4 |     7 ||    11
    Use: Potion            |       |     1 |     4 |     5 ||    10
         Scroll            |       |       |     6 |       ||     6
   Stab: Sleeping          |     3 |     7 |     3 |     3 ||    16
         Distracted        |       |       |     3 |     4 ||     7
 Armour: Robe              |    19 |    32 |    54 |       ||   105
         Leather armour    |       |       |   250 |   248 ||   498
         Skin              |       |       |       |    21 ||    21
  Dodge: Dodged            |    26 |    58 |   639 |   500 ||  1223
